[Event "*** SCC Grand Prix: Titled Tuesday Blitz"]
[Site "Chess.com"]
[Date "2020.06.09"]
[Round "7"]
[White "MiroVlasenko"]
[Black "Raja3401"]
[Result "0-1"]
[WhiteElo "2615"]
[BlackElo "2813"]
[TimeControl "180+1"]
[EndTime "10:19:34 PDT"]
[Termination "Raja3401 won by resignation"]

1. d4 Nf6 2. Bg5 e6 3. e4 h6 4. Bxf6 Qxf6 5. Nc3 Bb4 6. Qd2 d5 7. e5 Qd8 8. f4 c5 9. a3 Ba5 10. b4 cxb4 11. Nb5 Nc6 12. Nd6+ Kf8 13. Nf3 bxa3 14. c3 a6 15. Rxa3 Bc7 16. Nb5 Bb6 17. Bd3 Bd7 18. Nd6 Rb8 19. f5 Bc7 20. fxe6 Bxe6 21.
Nf5 Bxf5 22. Bxf5 Qe7 23. Ra1 g6 24. Bc2 Kg7 25. O-O Rhf8 26. h4 f5 27. h5 g5 28.
g4 fxg4 29. Nh2 Nxe5 30. dxe5 Qxe5 31. Nxg4 Qg3+ 32. Qg2 Qxc3 33. Rad1 Rxf1+ 34. Rxf1 Qd4+ 35. Kh1 Bf4 36. Bb1 Re8 37. Qc2 Qe4+ 38. Qxe4 dxe4 39. Re1 e3 40. Kg2 b5 41. Kf3 a5 42. Be4 b4 43.
Nxe3 a4 44. Nf5+ Kf6 45. Rd1 b3 46. Rd5 a3 47. Rb5 a2 48. Rb6+ Ke5 49. Rb5+ Kf6 50. Ra5 b2 51. Rxa2 Rxe4 52. Rxb2 Kxf5 53. Rb5+ Re5 54. Rb6 g4+ 55. Kg2 Kg5 0-1

[Event "*** SCC Grand Prix: Titled Tuesday Blitz"]
[Site "Chess.com"]
[Date "2020.06.09"]
[Round "7"]
[White "zajka-molotok"]
[Black "ShahMatKanal"]
[Result "1-0"]
[WhiteElo "2395"]
[BlackElo "2465"]
[TimeControl "180+1"]
[EndTime "10:19:34 PDT"]
[Termination "zajka-molotok won by resignation"]

1. b4 e5 2. Bb2 d6 3. e3 a5 4. b5 Nf6 5. Nf3 Be7 6. Be2 O-O 7.
O-O Bf5 8. c4 c6 9. a4 Nbd7 10.
d4 e4 11. Nfd2 d5 12. Nc3 Bg6 13. Qb3 Nb6 14. Ba3 Bxa3 15. Qxa3 Bh5 16. Bxh5 Nxh5 17. bxc6 bxc6 18. c5 Nc8 19. Rab1 Qg5 20. Rb7 f5 21. f4 exf3 22. Rxf3 Ne7 23. Qb3 Rae8 24. Ne2 Ng6 25. Nf1 f4 26. Rb6 fxe3 27. Rxf8+ Rxf8 28. Nxe3 Nh4 29. Rb8 Qf6 30. Rxf8+ Qxf8 31. Nxd5 cxd5 32. Qxd5+ Qf7 33.
Qd8+ Qf8 34. Qxh4 Nf6 35. Qf4 Qe8 36. Qf3 Qxa4 37. c6 Qa1+ 38. Kf2 Qb1 39. c7 Ne4+ 40.
Qxe4 Qxe4 41. c8=Q+ Kf7 42. Qc7+ Kf8 43. Qf4+ Qxf4+ 44. Nxf4 a4 45. Nd3 a3 46. Nb4 Ke7 47. Ke3 Kd6 48. Ke4 g6 49. Na2 h6 50. g4 g5 51. h3 Ke6 52. d5+ Kd6 53. Kd4 1-0

[Event "*** SCC Grand Prix: Titled Tuesday Blitz"]
[Site "Chess.com"]
[Date "2020.06.09"]
[Round "7"]
[White "BulletMercenary"]
[Black "Sueetin"]
[Result "0-1"]
[WhiteElo "2115"]
[BlackElo "2356"]
[TimeControl "180+1"]
[EndTime "10:19:34 PDT"]
[Termination "Sueetin won on time"]

1. e4 e6 2. d4 d5 3. e5 c5 4. Nf3 cxd4 5. Bd3 Nc6 6. O-O Bd7 7. a3 a5 8. Re1 a4 9. Bf4 Qb6 10. Qc1 Nge7 11. Nbd2 Ng6 12. Bg3 Be7 13. h4 O-O 14. h5 Nh8 15. Nf1 f5 16. exf6 Bxf6 17.
Ng5 Bxg5 18. Qxg5 Nf7 19. Qh4 e5 20. h6 gxh6 21. Qf6 e4 22. Be2 Qd8 23. Qf4 Nfe5 24.
Qxh6 Qf6 25. Qh5 Be8 26. Qh2 Bg6 27. Rad1 Ra5 28. Rxd4 Nxd4 29. Bxe5 Qxf2+ 30. Kh1 Qxe1 31. Bxd4 Rxf1+ 32. Bxf1 Qxf1+ 33. Bg1 Ra8 34. Qe5 Rf8 35. Qxd5+ Kg7 36. Qe5+ Kh6 37. Qh2+ Kg7 38. Qe5+ Rf6 39. Qc7+ Kh6 40. Qh2+ Kg7 41. Qc7+ Bf7 42. Qg3+ Kf8 43. Qb8+ Be8 44. Qh2 Kg7 45. Qg3+ Rg6 46. Qc7+ Kf8 47. Qc5+ Kg7 48. Qe5+ Kg8 49. Qxe8+ Kg7 50. Qe7+ Kh6 51. Qh4+ Kg7 52. Qe7+ Qf7 53. Bd4+ Kg8 54. Qd8+ Qf8 0-1

[Event "*** SCC Grand Prix: Titled Tuesday Blitz"]
[Site "Chess.com"]
[Date "2020.06.09"]
[Round "7"]
[White "Fins0905"]
[Black "louis198"]
[Result "0-1"]
[WhiteElo "2630"]
[BlackElo "2455"]
[TimeControl "180+1"]
[EndTime "10:19:35 PDT"]
[Termination "louis198 won by resignation"]

1. d4 e6 2. c4 d5 3. Nc3 Nf6 4. cxd5 exd5 5. Bg5 Be7 6. e3 O-O 7. Bd3 h6 8. Bh4 Nbd7 9. Nf3 c6 10. O-O Re8 11. h3 Ne4 12. Bxe7 Qxe7 13. Bxe4 dxe4 14. Nd2 f5 15. Ne2 Nf6 16. Nf4 Be6 17. Rc1 Bf7 18. Nc4 Bxc4 19. Rxc4 Qf7 20. Qb3 g5 21. Ne2 Nd5 22.
Nc3 Rad8 23. Rc5 Re7 24. Rc1 Red7 25. Qa3 a6 26. Nxd5 Rxd5 27. Rxd5 Rxd5 28. Qb4 Rb5 29. Qa3 Qe6 30. b3 Kf7 31. Qb2 Rd5 32. Qe2 Kg7 33.
h4 f4 34. Rc5 Rxc5 35. dxc5 Qe5 36. Qg4 fxe3 37. fxe3 Qxc5 38. Qxe4 gxh4 39. Kh2 Qg5 40. Qd4+ Kg6 41. Qe4+ Kf6 42. Kh1 h3 43. gxh3 Qd5 44.
Qxd5 cxd5 45. Kg2 Ke5 46. Kf3 h5 47. h4 b5 48. b4 Kf5 49. a3 Ke5 50. Kf2 Ke4 51.
Ke2 d4 52. exd4 Kxd4 53. Kd2 Ke4 54. Kc3 Kf4 55. Kd4 Kg4 56. Kc5 Kxh4 57. Kb6 Kg3 58. Kxa6 h4 59. Kxb5 h3 60. Ka6 h2 61. b5 h1=Q 62.
a4 Qa8+ 63. Kb6 Qxa4 64. Kc5 Qa7+ 65. b6 Qb7 0-1

[Event "*** SCC Grand Prix: Titled Tuesday Blitz"]
[Site "Chess.com"]
[Date "2020.06.09"]
[Round "7"]
[White "Nastya_Rakhmangulova"]
[Black "Grieve72"]
[Result "1-0"]
[WhiteElo "2279"]
[BlackElo "2373"]
[TimeControl "180+1"]
[EndTime "10:19:35 PDT"]
[Termination "Nastya_Rakhmangulova won on time"]

1. e4 c5 2. Nf3 e6 3. c3 Nf6 4. e5 Nd5 5. d4 cxd4 6. cxd4 d6 7.
Bc4 Be7 8. O-O O-O 9. Qe2 b6 10. Bxd5 exd5 11. Nc3 Ba6 12. Nb5 Nc6 13. Bf4 dxe5 14. Bxe5 Qd7 15. a4 Rac8 16. Rfc1 Bb4 17. Bf4 Qf5 18. Be3 Na5 19. Qd1 Bxb5 20. axb5 h6 21. Ne5 Rxc1 22. Rxc1 Rc8 23. Nc6 Nxc6 24. bxc6 a5 25. Qa4 Qd3 26. c7 b5 27. Qc2 Qxc2 28. Rxc2 Kf8 29. Bf4 Ke7 30. Kf1 Bd6 31. Bxd6+ Kxd6 32. Rc5 b4 33. Rxa5 Rxc7 34. Ra6+ Kd7 35. Ke2 Rc2+ 36.
Ke3 Rxb2 37. Rb6 Kc7 38. Rb5 Kc6 39. Rc5+ Kd6 40. Rb5 b3 41. g3 g5 42. h4 f5 43.
Rb6+ Kc7 44. Rxh6 Rc2 45. Kd3 Rc4 46. Rh7+ Kb6 47. Rh8 Ka7 48. Rh7+ Ka6 49. Rh8 Rb4 50. Ra8+ Kb7 51. Ra1 b2 52. Rb1 gxh4 53. gxh4 Kc6 54. h5 Kd6 55. Ke3 1-0

[Event "*** SCC Grand Prix: Titled Tuesday Blitz"]
[Site "Chess.com"]
[Date "2020.06.09"]
[Round "7"]
[White "Volodar_Murzin"]
[Black "rpragchess"]
[Result "1-0"]
[WhiteElo "2735"]
[BlackElo "2836"]
[TimeControl "180+1"]
[EndTime "10:19:36 PDT"]
[Termination "Volodar_Murzin won by resignation"]

1. e4 c5 2. Nf3 Nc6 3. Bb5 g6 4. Bxc6 bxc6 5. O-O Bg7 6. Re1 Nh6 7. c3 O-O 8. d4 cxd4 9. cxd4 d5 10. e5 f6 11. h3 Qb6 12. exf6 exf6 13. Nc3 Nf7 14. Na4 Qd8 15. Nc5 Re8 16. Bf4 a5 17. Qa4 Bd7 18.
Rxe8+ Bxe8 19. Re1 Qb6 20. b3 Qb4 21. Bd2 Qxa4 22.
Nxa4 Nd6 23. Bf4 Ne4 24. Nd2 f5 25. Nf3 Bf8 26. Rc1 h6 27. Bc7 Bb4 28. Ne5 Rc8 29.
Bb6 Kg7 30. f3 Nf6 31. Bc5 Nd7 32. Nxd7 Bxd7 33. Bxb4 axb4 34. Nc5 Rc7 35. Nd3 Rb7 36. f4 Kf6 37. Kf2 Rb6 38. Rc2 g5 39. g3 Bc8 40.
h4 Ba6 41. Ne5 Ke6 42. Rxc6+ Rxc6 43. Nxc6 gxf4 44. gxf4 Bd3 45. Nxb4 Bb1 46. Ke3 Kd6 47. Kd2 Be4 48. Nc2 Kc6 49. Kc3 Kb5 50. a4+ Ka5 51.
Nb4 Kb6 52. Nd3 Ka5 53. Ne5 Kb6 54. Kb4 h5 55. a5+ Ka6 56. Nd7 Bc2 57. Nc5+ Ka7 58.
Kb5 1-0

[Event "*** SCC Grand Prix: Titled Tuesday Blitz"]
[Site "Chess.com"]
[Date "2020.06.09"]
[Round "7"]
[White "profofchess"]
[Black "biaf13"]
[Result "1/2-1/2"]
[WhiteElo "2444"]
[BlackElo "2076"]
[TimeControl "180+1"]
[EndTime "10:19:36 PDT"]
[Termination "Game drawn by repetition"]

1. e4 c5 2. Nf3 d6 3. c3 Nf6 4. Bc4 Nc6 5. Qe2 e6 6. Bb3 Be7 7. d4 cxd4 8. cxd4 O-O 9. O-O d5 10. e5 Nd7 11. Nc3 a5 12. Bc2 Nb4 13. Bb1 a4 14. a3 Nc6 15. Qd3 g6 16. Bh6 Re8 17. Bc2 Bf8 18. Qe3 Qe7 19. Bg5 f6 20. exf6 Nxf6 21. Qf4 Bg7 22. Rfe1 Rf8 23. Qh4 Qc7 24. Re2 Bd7 25. Rae1 Ne7 26. Ne5 Be8 27. Re3 Nf5 28. Bxf5 gxf5 29. Rh3 Bg6 30. Nxg6 hxg6 31. Rxe6 Rae8 32.
Rhe3 Rxe6 33. Rxe6 Re8 34. Rxe8+ Nxe8 35. h3 Qc4 36.
Qf4 Qxd4 37. Qb8 Kf7 38. Qxb7+ Kg8 39. Qxd5+ Qxd5 40. Nxd5 Bxb2 41. Nb6 Bxa3 42. Nxa4 Bb4 43. Nb6 Kf7 44. Nd5 Bd6 45. Nf4 Bxf4 46. Bxf4 Nf6 47. f3 Nd5 48. Bd2 Kf6 49. Kf2 Ke5 50. Ke2 Kd4 51. g3 Ke5 52. h4 Kf6 53. Kd3 Ne7 54. Kd4 Ng8 55. Bf4 Kf7 56. Kc5 Nf6 57. Kd6 Nh7 58.
Ke5 Nf6 59. Kd6 Ne8+ 60. Kd7 Nf6+ 61. Kd6 1/2-1/2

[Event "*** SCC Grand Prix: Titled Tuesday Blitz"]
[Site "Chess.com"]
[Date "2020.06.09"]
[Round "7"]
[White "Morshynska"]
[Black "LileKoridze"]
[Result "1-0"]
[WhiteElo "2224"]
[BlackElo "2288"]
[TimeControl "180+1"]
[EndTime "10:19:38 PDT"]
[Termination "Morshynska won on time"]

1. e4 c5 2. Nf3 d6 3. d4 cxd4 4.
Nxd4 Nf6 5. Nc3 Nc6 6. Bg5 e6 7. Qd2 a6 8. O-O-O Bd7 9. f3 Be7 10.
h4 h6 11. Be3 h5 12. Bg5 Rc8 13. Nxc6 Rxc6 14. Kb1 b5 15. Ne2 e5 16. g3 Be6 17.
Bh3 d5 18. Bxf6 gxf6 19. exd5 Rd6 20. Bxe6 fxe6 21. Qd3 exd5 22. Qg6+ Kd7 23. Nc3 Kc8 24. f4 Kb8 25. fxe5 fxe5 26. Qf5 Bf6 27. Rd2 e4 28. Rxd5 Bxc3 29. Rxd6 Qxd6 30. bxc3 Qxg3 31. Qxe4 Qxc3 32. Re1 Qg3 33. Qe7 Rg8 34. Re6 Qg1+ 35. Kb2 Qg7+ 36. Qxg7 Rxg7 37. Rh6 Rg4 38. Rxh5 Kb7 39.
Rh6 a5 40. a3 a4 41. Kc3 Rg3+ 42. Kb4 Rg2 43. Kxb5 Rxc2 44. Rh7+ Kb8 45. Kxa4 Rh2 46. Kb4 Rh1 47. a4 Rb1+ 48. Ka5 Rh1 49. Ka6 1-0

[Event "*** SCC Grand Prix: Titled Tuesday Blitz"]
[Site "Chess.com"]
[Date "2020.06.09"]
[Round "7"]
[White "KuzubovYuriy"]
[Black "Fandorine"]
[Result "1-0"]
[WhiteElo "2776"]
[BlackElo "2892"]
[TimeControl "180+1"]
[EndTime "10:19:39 PDT"]
[Termination "KuzubovYuriy won by resignation"]

1. d4 Nf6 2. Nf3 g6 3. Nbd2 Bg7 4. e4 d6 5. Bd3 O-O 6. O-O Nc6 7.
c3 Nd7 8. Nb3 e5 9. Bg5 Qe8 10.
Re1 Kh8 11. Qc2 f6 12. Bh4 Nd8 13. Rad1 Ne6 14. Bg3 a6 15. a4 b6 16. Bc4 Bb7 17. Nbd2 Ng5 18. Nxg5 fxg5 19. Bd5 Bxd5 20. exd5 Qf7 21.
Nf3 g4 22. Ng5 Qf5 23. Qxf5 gxf5 24. Ne6 f4 25. Nxf8 Rxf8 26. Bh4 h5 27. f3 Kh7 28.
Kf2 Kg6 29. b4 Ra8 30. g3 Rf8 31. gxf4 Rxf4 32. Rd3 exd4 33. Bg3 Rf5 34. cxd4 Rxd5 35. Re7 Nf8 36. fxg4 hxg4 37. Rxc7 Ne6 38. Rd7 Bf8 39. Ke3 a5 40. b5 Kf5 41. Rf7+ Kg6 42. Rb7 Kf5 43. Rxb6 Bh6+ 44. Kf2 Nc5 45. Rd1 Ne4+ 46.
Kg2 Nc3 47. Rf1+ Ke4 48. Rxd6 Be3 49. Rxd5 Nxd5 50. Rb1 Bxd4 51. Bf2 Be5 52. b6 Nf4+ 53. Kh1 Nd3 54. Bg3 1-0

[Event "*** SCC Grand Prix: Titled Tuesday Blitz"]
[Site "Chess.com"]
[Date "2020.06.09"]
[Round "7"]
[White "Twitch_ElhamBlitz05"]
[Black "csati17"]
[Result "1-0"]
[WhiteElo "2743"]
[BlackElo "2584"]
[TimeControl "180+1"]
[EndTime "10:19:40 PDT"]
[Termination "Twitch_ElhamBlitz05 won on time"]

1. e4 e6 2. b3 d5 3. Bb2 Nf6 4.
exd5 exd5 5. Nf3 Bd6 6. d4 O-O 7. Be2 Bg4 8. O-O Bxf3 9. Bxf3 c6 10. Nd2 Nbd7 11. Re1 Re8 12. c4 Rxe1+ 13. Qxe1 Bb4 14.
Qd1 Qa5 15. Nf1 Bc3 16. Bxc3 Qxc3 17. cxd5 cxd5 18. Rc1 Qa5 19. Qc2 Qb4 20. Ne3 Qxd4 21. Rd1 Qb6 22. Bxd5 g6 23. Bc4 Ne5 24. Qd2 Kg7 25.
h3 a5 26. Nd5 Nxd5 27. Qxd5 Nxc4 28. Qxc4 Re8 29. g3 Qf6 30. Rd7 b6 31. Kg2 h5 32.
a4 Re1 33. Qd4 Re6 34. Qxf6+ Kxf6 35. Rb7 Kg7 36. f4 Rc6 37. g4 hxg4 38. hxg4 Rc2+ 39. Kf1 Rc6 40. Ke2 Kf6 41. Kd3 Ke6 42. Kd4 f5 43. g5 Kd6 44. Rg7 Rc1 45. Rxg6+ Kc7 46. Rf6 Rd1+ 47.
Kc4 Rc1+ 48. Kd4 Rd1+ 49. Ke5 Rb1 50. Rxf5 Rxb3 51. g6 Re3+ 52. Kd4 Re8 53. g7 Rg8 54. Rf7+ Kd6 55. f5 Kc6 56. f6 1-0

[Event "*** SCC Grand Prix: Titled Tuesday Blitz"]
[Site "Chess.com"]
[Date "2020.06.09"]
[Round "7"]
[White "Grandmaster2B"]
[Black "vaishali2001"]
[Result "0-1"]
[WhiteElo "2433"]
[BlackElo "2624"]
[TimeControl "180+1"]
[EndTime "10:19:40 PDT"]
[Termination "vaishali2001 won on time"]

1. e4 c5 2. Nf3 d6 3. d4 cxd4 4. Nxd4 Nf6 5. Nc3 Nc6 6. f3 e5 7. Nb3 Be7 8. Be3 O-O 9. Qd2 a5 10.
a4 Be6 11. Nd5 Bxd5 12. exd5 Nb4 13. c4 Nd7 14. Be2 f5 15. O-O Qe8 16. Nxa5 Rxa5 17.
Qxb4 Ra8 18. Qd2 Nc5 19. Bxc5 dxc5 20. d6 Rd8 21. Qd5+ Rf7 22. Qxe5 Bxd6 23. Qxe8+ Rxe8 24. Bd3 Be5 25. Rab1 Bd4+ 26. Kh1 Re3 27. Bc2 Re2 28. Bd3 Rd2 29. Rfd1 Rxb2 30. Rxb2 Bxb2 31. f4 Rd7 32.
g4 Kf7 33. gxf5 Kf6 34. Rb1 Rxd3 35. Rxb2 Rd7 36. Rb5 Kxf5 37. Rxc5+ Kxf4 38. Kg2 g5 39. h4 g4 40. Rd5 Re7 41. Rd4+ Kf5 42. Rd5+ Ke4 43.
Rg5 Kf4 44. Rd5 Re2+ 45. Kf1 Rc2 46. Rd4+ Kf3 47. Rd3+ Ke4 48. Rd7 g3 49. Re7+ Kf3 50.
Rf7+ Kg4 51. Rg7+ Kh3 52. h5 g2+ 0-1

[Event "*** SCC Grand Prix: Titled Tuesday Blitz"]
[Site "Chess.com"]
[Date "2020.06.09"]
[Round "7"]
[White "TomsKantans"]
[Black "FontVella8"]
[Result "1-0"]
[WhiteElo "2626"]
[BlackElo "2435"]
[TimeControl "180+1"]
[EndTime "10:19:41 PDT"]
[Termination "TomsKantans won by resignation"]

1. e4 c6 2. d4 d5 3. Nc3 dxe4 4. Nxe4 Nf6 5. Nxf6+ exf6 6. c3 Bd6 7. Bd3 Qc7 8. Qc2 Be6 9. Ne2 Nd7 10. h4 O-O-O 11. O-O h5 12. b4 g5 13. hxg5 fxg5 14. Bxg5 Rdg8 15. Qd2 h4 16. Kh1 Nb6 17. Bf4 Bd5 18.
f3 h3 19. g3 Bxf4 20. Qxf4 Qxf4 21. gxf4 Rg2 22. a4 Nc4 23. f5 Ne3 24. Nf4 Nxf1 25. Rxf1 Rhg8 26. c4 Rb2 27. cxd5 Rxb4 28. dxc6 Rxd4 29.
cxb7+ Kb8 30. Be4 a5 31. Rc1 Rxa4 32. Nd3 Ra2 33. Nc5 h2 34. Nd7+ Ka7 35. Rb1 Rg1+ 36. Rxg1 hxg1=Q+ 37. Kxg1 Rb2 38. b8=Q+ Rxb8 39. Nxb8 Kxb8 40.
Kf2 Kc7 41. Ke3 Kd6 42. Kd4 a4 43. Bd5 f6 44. Ba2 a3 45. Bb3 Kc6 46. Kc4 Kd6 47. f4 Kc6 48. Ba2 Kd6 49. Kb5 Kc7 50.
Kc5 Kd7 51. Kb6 Kd6 52. Kb5 Kd7 53. Kb4 Kc6 54. Kxa3 Kc5 55. Ka4 Kd4 56. Kb5 Ke3 57. Be6 Kxf4 58. Kc6 Kg5 59. Kd7 Kh6 60. Ke7 Kg7 61. Bd5 Kh8 62. Kxf6 Kh7 63. Ke7 1-0

[Event "*** SCC Grand Prix: Titled Tuesday Blitz"]
[Site "Chess.com"]
[Date "2020.06.09"]
[Round "7"]
[White "diablanni"]
[Black "YaWaleriy"]
[Result "1-0"]
[WhiteElo "2334"]
[BlackElo "2209"]
[TimeControl "180+1"]
[EndTime "10:19:41 PDT"]
[Termination "diablanni won by resignation"]

1. e4 e6 2. d4 d5 3. Nc3 Nf6 4. e5 Nfd7 5. f4 c5 6. Nf3 Nc6 7. Be3 cxd4 8. Nxd4 Bc5 9. Qd2 O-O 10. O-O-O a6 11.
Qf2 Bxd4 12. Bxd4 b5 13. Be3 b4 14. Na4 a5 15. h4 Ba6 16. h5 Qc7 17. h6 g6 18. g4 Rfc8 19. Kb1 d4 20. Bxd4 Nxd4 21. Rxd4 Qc6 22. Bg2 Qxa4 23. Bxa8 Rxa8 24. Rhd1 Nf8 25. f5 Qe8 26. fxg6 fxg6 27. Qf6 Qf7 28. Rd8 Rxd8 29.
Rxd8 Qxf6 30. exf6 Kf7 31. g5 Bb5 32. Rb8 Bd7 33.
Kc1 e5 34. Kd2 Ne6 35. Rb7 Nf8 36. Rb8 Ne6 37. Rb7 Nc5 38. Rc7 Ne4+ 39. Ke3 Nxg5 40.
Rxd7+ Kxf6 41. Rd5 Nf7 42. Rxa5 Nxh6 43. Ra4 Nf5+ 44.
Kf2 h5 45. Rxb4 g5 46. a4 g4 47. Rb8 g3+ 48. Kg2 h4 49. Rg8 Ne3+ 50. Kh3 Nc4 51. b3 Ne3 52. a5 Nd5 53. a6 Nb6 54. c4 Kf5 55. c5 1-0

[Event "*** SCC Grand Prix: Titled Tuesday Blitz"]
[Site "Chess.com"]
[Date "2020.06.09"]
[Round "7"]
[White "maciek_92"]
[Black "David_Paravyan"]
[Result "1-0"]
[WhiteElo "2686"]
[BlackElo "2956"]
[TimeControl "180+1"]
[EndTime "10:19:42 PDT"]
[Termination "maciek_92 won by resignation"]

1. c4 e5 2. g3 Nf6 3. Nc3 Bb4 4.
Bg2 O-O 5. e4 Bxc3 6. dxc3 d6 7.
Qe2 a5 8. Nf3 Bg4 9. Be3 Qd7 10.
h3 Be6 11. Ng5 Qc6 12. Nxe6 fxe6 13. O-O Nbd7 14. Rad1 Nc5 15. f3 a4 16. Kh2 Rf7 17.
h4 Re8 18. Bh3 Kh8 19. Rd2 Nfd7 20. Rb1 Ref8 21. Bg2 Kg8 22. b4 axb3 23. axb3 Nf6 24. Ra2 Qe8 25. b4 Na6 26. Rba1 h6 27. Ra5 Kh7 28. c5 dxc5 29. b5 Nb8 30. Bxc5 Rg8 31. Be3 Nbd7 32. Ra7 Qc8 33. c4 b6 34. c5 Nxc5 35.
Bxc5 bxc5 36. b6 Qb8 37. b7 c6 38. Qa6 Re8 39. Rb1 Rff8 40. Ra8 Qd6 41. Rc8 Nd7 42. Qa8 Qe7 43. Qa6 Qf7 44. Qxc6 Rd8 45. Qc7 Qe7 46.
b8=Q Nxb8 47. Qxe7 Rxc8 48. Qxe6 Nc6 49. Qc4 Nd4 50. Rc1 Ra8 51. f4 Ra3 52. Qxc5 Ra2 53. Qxf8 Nf3+ 54. Kh1 1-0

[Event "*** SCC Grand Prix: Titled Tuesday Blitz"]
[Site "Chess.com"]
[Date "2020.06.09"]
[Round "7"]
[White "ChronicUnhappiness"]
[Black "ChristianAlm"]
[Result "1/2-1/2"]
[WhiteElo "2321"]
[BlackElo "2448"]
[TimeControl "180+1"]
[EndTime "10:19:42 PDT"]
[Termination "Game drawn by repetition"]

1. c4 c5 2. g3 Nc6 3. Bg2 Nf6 4. Nc3 g6 5. e4 d6 6. Nge2 Bg7 7. O-O O-O 8. d3 e5 9. h3 Be6 10. f4 exf4 11.
Bxf4 Nh5 12. Be3 Nd4 13. g4 Nxe2+ 14. Nxe2 Nf6 15. Bg5 h6 16. Bh4 g5 17. Bf2 Nd7 18. Qd2 Nb8 19. Ng3 Nc6 20. Nf5 Bxf5 21. exf5 Be5 22.
Bxc6 bxc6 23. d4 cxd4 24. Bxd4 Qf6 25. Rad1 Rad8 26. Rfe1 Rfe8 27. Kg2 c5 28. Bxe5 dxe5 29. Qc3 Rd4 30. Rxd4 cxd4 31. Qd3 Qc6+ 32. Kf2 f6 33. b4 Rc8 34. c5 Qd5 35. Re2 Rb8 36. a3 Re8 37.
Qe4 Qxe4 38. Rxe4 Kf7 39. Ke2 Ke7 40. Kd3 h5 41. b5 Kd7 42. Kc4 Rh8 43. Kd5 hxg4 44.
hxg4 Rh3 45. c6+ Kc7 46. Re1 Re3 47. Rd1 d3 48. a4 e4 49. a5 Re2 50. b6+ axb6 51. axb6+ Kxb6 52. Kd6 Rh2 53. c7 Rh8 54. Kd5 Kxc7 55. Kxe4 Rd8 56. Rxd3 Rxd3 57. Kxd3 Kc6 58. Kc4 Kd6 59. Kd4 Kc6 60. Kc4 Kd6 61. Kd4 Kc6 62. Kc4 1/2-1/2

[Event "*** SCC Grand Prix: Titled Tuesday Blitz"]
[Site "Chess.com"]
[Date "2020.06.09"]
[Round "7"]
[White "freshfoodcompany"]
[Black "trriinu"]
[Result "0-1"]
[WhiteElo "2206"]
[BlackElo "2045"]
[TimeControl "180+1"]
[EndTime "10:19:42 PDT"]
[Termination "trriinu won on time"]

1. d4 g6 2. c4 Bg7 3. Nc3 d6 4. e4 Nd7 5. Nf3 e5 6. Be2 Ne7 7. d5 O-O 8. O-O f5 9. Ng5 Nf6 10. f3 f4 11. Qb3 Rb8 12. Bd2 Nh5 13. Ne6 Bxe6 14. dxe6 Bf6 15. Nd5 Ng7 16. Bc3 Nxe6 17. Nxf6+ Rxf6 18. c5 Kg7 19. cxd6 cxd6 20. Rfd1 Nc5 21.
Qc4 b5 22. Qxc5 dxc5 23. Rxd8 Rxd8 24. Bxe5 c4 25. Rd1 Rxd1+ 26. Bxd1 Nc6 27. Bxf6+ Kxf6 28. Kf2 Ke5 29. Ke2 Kd4 30. Kd2 a5 31. a3 Ne5 32.
Bc2 g5 33. h3 h5 34. Bb1 b4 35.
axb4 axb4 36. Bc2 c3+ 37. bxc3+ bxc3+ 38. Ke2 Nc4 39. Bb3 Ne3 40. Bf7 h4 41. Be6 Nxg2 42.
Bb3 Ne3 43. Ba2 Nc2 44. Bb3 Nb4 45. Be6 Nc6 46. Bb3 Ne5 47. Bc2 Kc4 48. Bd1 Kb4 49.
Bc2 Ka3 50. Kd1 Nxf3 51. Bd3 Ne5 0-1

[Event "*** SCC Grand Prix: Titled Tuesday Blitz"]
[Site "Chess.com"]
[Date "2020.06.09"]
[Round "7"]
[White "vladislavkovalev"]
[Black "GHANDEEVAM2003"]
[Result "1-0"]
[WhiteElo "2950"]
[BlackElo "2976"]
[TimeControl "180+1"]
[EndTime "10:19:43 PDT"]
[Termination "vladislavkovalev won by checkmate"]

1. e4 c5 2. Be2 e6 3. d3 d5 4. c3 Nc6 5. f4 Nf6 6. e5 Ng8 7. Nf3 h5 8. O-O Nh6 9. Kh1 Nf5 10. Na3 Be7 11. Nc2 b5 12. d4 c4 13. b4 a5 14. a3 Bd7 15. Bd2 Qb6 16.
Ne3 g6 17. Nxf5 exf5 18. Be1 Nd8 19. Bh4 Bxh4 20. Nxh4 Ne6 21. Qd2 Kd8 22. Bf3 Bc6 23.
g3 Kc7 24. Ng2 Kb7 25. Ne3 Nc7 26. bxa5 Rxa5 27. Qb2 Ra4 28. Bd1 Ra7 29. Qb4 Rha8 30. Bf3 Qa5 31. Qb2 Kc8 32. Rfb1 Kd7 33. Kg2 Ke6 34.
Kf2 Qb6 35. Qb4 Rd8 36. a4 Na6 37.
Qa3 b4 38. cxb4 Qxd4 39. Rd1 Qb6 40. b5 Nc5 41. bxc6 Rxa4 42. Qc3 d4 43. Rxd4 Rxd4 44.
Qxd4 Nd3+ 45. Qxd3 cxd3 46. Rxa4 Qb2+ 47. Kf1 Qc1+ 48.
Nd1 Qc2 49. Ra7 Qxh2 50. Rd7 Qh3+ 51. Bg2 Qxg3 52. Bd5# 1-0

[Event "*** SCC Grand Prix: Titled Tuesday Blitz"]
[Site "Chess.com"]
[Date "2020.06.09"]
[Round "7"]
[White "vugarrasulov"]
[Black "AndrewMaco"]
[Result "1-0"]
[WhiteElo "2804"]
[BlackElo "2680"]
[TimeControl "180+1"]
[EndTime "10:19:43 PDT"]
[Termination "vugarrasulov won by checkmate"]

1. e4 c6 2. d4 d5 3. Nc3 dxe4 4. Nxe4 Nf6 5. Nxf6+ exf6 6. Bc4 Bd6 7. Qe2+ Qe7 8.
Qxe7+ Kxe7 9. Ne2 Bf5 10. c3 Re8 11. Be3 Nd7 12. Ng3 Be6 13. Bd3 g6 14. Ne4 Bc7 15. O-O Kf8 16. Bh6+ Kg8 17. Rfe1 f5 18. Ng5 Nf6 19.
Nxe6 fxe6 20. g3 Ng4 21. Bd2 Kg7 22. Re2 Rad8 23. Rae1 e5 24. Bg5 Rd7 25. h3 Nh6 26. Bc4 e4 27. Kg2 Nf7 28. Bc1 Nd6 29. Bb3 Kf6 30.
h4 Kg7 31. Bg5 Nf7 32. Be3 Nh6 33. f3 Rde7 34. fxe4 Rxe4 35. Bc2 Rxe3 36. Rxe3 Rxe3 37. Rxe3 Bd6 38. Re8 Ng4 39. Rd8 Be7 40. Rd7 Kf6 41. Bb3 Ne3+ 42. Kf3 Ng4 43. Rxb7 c5 44. Rxa7 cxd4 45.
cxd4 h6 46. Ra6+ Kg7 47. d5 g5 48. d6 Ne5+ 49. Ke2 Bf6 50. Ra7+ Kf8 51. hxg5 hxg5 52. Bd5 f4 53. gxf4 gxf4 54. a4 Bd8 55. a5 Ke8 56. a6 Bb6 57. Rb7 Bc5 58. a7 f3+ 59.
Bxf3 Nxf3 60. a8=Q# 1-0

[Event "*** SCC Grand Prix: Titled Tuesday Blitz"]
[Site "Chess.com"]
[Date "2020.06.09"]
[Round "7"]
[White "Biranidun"]
[Black "Lenyas66"]
[Result "1-0"]
[WhiteElo "2733"]
[BlackElo "2573"]
[TimeControl "180+1"]
[EndTime "10:19:43 PDT"]
[Termination "Biranidun won by resignation"]

1. e4 e6 2. d4 d5 3. Nc3 Nf6 4.
e5 Nfd7 5. f4 c5 6. Nf3 Nc6 7. Be3 h6 8. Qd2 g5 9. dxc5 gxf4 10.
Bxf4 Nxc5 11. O-O-O Qa5 12. Kb1 Bg7 13. a3 Nd7 14. Qe1 a6 15. Qg3 Bf8 16. Qe1 Qc7 17.
Bg3 b5 18. Nxd5 Qb8 19. Nf6+ Nxf6 20. exf6 Qb6 21. Ne5 Nxe5 22. Qxe5 Bb7 23. Be2 Rc8 24. Bh5 Qc6 25. Rd2 Qe4 26. Re1 Qxe5 27. Rxe5 Rc6 28. Bf3 Rc7 29. Rxe6+ fxe6 30. Bxc7 Bxf3 31. gxf3 Kf7 32.
Be5 Kg6 33. f4 Rh7 34. Rd8 Rf7 35. b4 a5 36. c3 axb4 37. axb4 Kf5 38. Kc2 h5 39.
Rb8 Bh6 40. Rxb5 Bxf4 41. Bxf4+ Kxf4 42. Rxh5 Rxf6 43. b5 e5 44. c4 e4 45. c5 e3 46.
Kd3 Re6 47. Ke2 Ke4 48. b6 Rg6 49. Rh4+ Kd5 50. Rh5+ Kc6 51. Kxe3 Re6+ 52. Kd4 Re1 53. Rh6+ Kb7 54. Kd5 Rd1+ 55. Ke6 Kc6 56. Ke5+ Kxc5 57.
b7 Rb1 58. Rh7 Kc6 59. h4 Re1+ 60. Kf6 Rf1+ 61. Kg5 Rg1+ 62. Kh6 Rb1 63. h5 Kd6 64.
Kg6 Ke6 65. Rc7 Rg1+ 66. Kh7 Rb1 67. h6 Kf6 68. Kg8 Rg1+ 69. Kf8 Rb1 70. h7 1-0

[Event "*** SCC Grand Prix: Titled Tuesday Blitz"]
[Site "Chess.com"]
[Date "2020.06.09"]
[Round "7"]
[White "Karateloru"]
[Black "nihalsarin"]
[Result "0-1"]
[WhiteElo "2627"]
[BlackElo "2988"]
[TimeControl "180+1"]
[EndTime "10:19:44 PDT"]
[Termination "nihalsarin won by resignation"]

1. e4 c6 2. d4 d5 3. Nd2 dxe4 4. Nxe4 Nf6 5. Nxf6+ exf6 6. Bc4 Bd6 7. Qe2+ Qe7 8.
Qxe7+ Kxe7 9. Ne2 Be6 10. Bxe6 fxe6 11. Bf4 Nd7 12. Bxd6+ Kxd6 13. O-O-O Rhe8 14. Rhe1 Rad8 15. Nc3 Kc7 16. Re2 e5 17. dxe5 Nxe5 18. Rde1 Rd4 19.
Re4 Red8 20. h3 b5 21. b3 a5 22. Rxd4 Rxd4 23. Ne4 Kb6 24. f4 Ng6 25. g3 h5 26.
h4 Rd7 27. c4 bxc4 28. bxc4 Rd4 29. c5+ Kb5 30. Kc2 Kc4 31. Nd6+ Kxc5 32. Nf5 Rd7 33. Re8 Kd5 34. Rg8 Ke6 35. Rxg7 Rd8 36. Nh6 Ne7 37.
g4 hxg4 38. Nxg4 Rh8 39. Ne3 Nf5 40. Nxf5 Kxf5 41. Ra7 Kxf4 42. Rxa5 f5 43. Rc5 Rxh4 44. Rxc6 Kg3 45. Kb3 f4 46. a4 f3 47. Rc3 Kg2 48.
a5 f2 49. Rc2 Kg1 50. Rc1+ f1=Q 51. Rxf1+ Kxf1 0-1